 Dungeon Crawl Stone Soup version 0.23-a0-261-g133332c (webtiles) character file.

3794 CozyGlow the Blocker (level 10, -1/65 HPs)
             Began as a Gargoyle Fighter on Sept 29, 2018.
             Was a Priest of Qazlal.
             Splashed by a crimson imp's acid (12 damage)
             ... on level 8 of the Dungeon.
             The game lasted 00:29:56 (7965 turns).

CozyGlow the Blocker (Gargoyle Fighter)             Turns: 7965, Time: 00:29:57

Health: -1/65      AC:  7    Str: 24    XL:     10   Next: 16%
Magic:  10/10      EV:  8    Int:  8    God:    Qazlal [***...]
Gold:   339        SH: 16    Dex:  9    Spells: 9/9 levels left

rFire    . . .     SeeInvis .   a - +0 flail
rCold    . . .     Gourm    .   c - +0 shield
rNeg     + . .     Faith    +   b - +0 scale mail
rPois    ∞         Spirit   .   m - +1 helmet
rElec    +         Reflect  .   (no cloak)
rCorr    .         Harm     .   (no gloves)
MR       .....                  (no boots)
Stlth    ..........             l - amulet of faith
HPRegen  0.20/turn              t - +2 ring of protection
MPRegen  0.12/turn              (no ring)

@: corroded
A: negative energy resistance 1, electricity resistance, unbreathing,
petrification resistance, rot immunity, AC +7
a: Upheaval, Elemental Force, Renounce Religion


You were on level 8 of the Dungeon.
You worshipped Qazlal.
Qazlal was most pleased with you.
You were not hungry.

You visited 1 branch of the dungeon, and saw 8 of its levels.

You collected 339 gold pieces.

Inventory:

Hand Weapons
 a - a +0 flail (weapon)
Armour
 b - a +0 scale mail (worn)
 c - a +0 shield (worn)
 k - the +1 buckler of Duceoron {*Contam rElec Int+2 Dex+2}
   (You found it on level 8 of the Dungeon)

   It affects your intelligence (+2).
   It affects your dexterity (+2).
   It insulates you from electricity.
   It causes magical contamination when unequipped.
 m - a +1 helmet (worn)
Jewellery
 l - an amulet of faith (around neck)
 q - an uncursed amulet of regeneration
 t - a +2 ring of protection (left hand)
Wands
 y - a wand of digging (12)
 F - a wand of flame (32)
Scrolls
 h - a scroll of fog {unknown}
 n - a scroll of enchant armour {unknown}
 r - a scroll of fear {unknown}
 s - 2 scrolls of noise {unknown}
 u - 3 scrolls of magic mapping {unknown}
 v - 3 scrolls of immolation
 w - 2 scrolls of teleportation {unknown}
 x - a scroll of remove curse
 z - a scroll of enchant weapon {unknown}
 A - a scroll of random uselessness
 C - a scroll of holy word {unknown}
Potions
 e - a potion of magic
 g - a potion of cancellation
 i - a potion of degeneration {unknown}
 j - a potion of curing
 o - 2 potions of agility
 p - a potion of might
 B - a potion of flight {unknown}
 D - a potion of lignification
Comestibles
 f - 4 rations


   Skills:
 + Level 8.5 Fighting
 + Level 7.4 Maces & Flails
 + Level 8.5 Armour
 + Level 8.5 Shields


You had 9 spell levels left.
You didn't know any spells.
Your spell library contained the following spells:

 Spells                   Type           Power        Failure   Level  Hunger
 Confusing Touch          Hex            #.....       91%         1    ##.....
 Confuse                  Hex            #.......     100%        3    ####...
 Gell's Gravitas          Tloc           #.........   100%        3    ####...
 Petrify                  Tmut/Erth      #.......     100%        4    #####..
 Metabolic Englaciation   Hex/Ice        #.........   100%        5    ######.
 Yara's Violent Unravell  Hex/Tmut       #.........   100%        5    ######.


Dungeon Overview and Level Annotations

Branches:
Dungeon (8/15)             Temple (0/1) D:4
   Lair: D:8-11

Altars:
Dithmenos
Elyvilon
Gozag
Kikubaaqudgha
Makhleb
Nemelex Xobeh
Qazlal
Ru
Sif Muna
Wu Jian
Zin

Shops:
D:4 :


Innate Abilities, Weirdness & Mutations

You are resistant to torment.
Your stone body is resilient. (AC +7)
You are immune to poison.
You resist negative energy. (rN+)
You are resistant to electric shocks. (rElec)
You can survive without breathing.
You are immune to petrification.
You are immune to rotting.


Message History

The crimson imp zaps a wand.
The bolt of acid hits you! The acid corrodes you!
You are splashed with acid!
The acid burns!
You are too injured to fight recklessly!
You are too injured to fight recklessly!
You are too injured to fight recklessly!
Put on which piece of jewellery? (? for menu, Esc to quit)
Okay, then.
A crimson imp is nearby!
A crimson imp is nearby!
A crimson imp is nearby!
A crimson imp is nearby!
Unknown command.
The crimson imp zaps a wand.
The bolt of acid hits you!
* * * LOW HITPOINT WARNING * * *
You are splashed with acid!
The acid burns!
* * * LOW HITPOINT WARNING * * *
You feel much better.
The crimson imp zaps a wand.
The bolt of acid hits you!
* * * LOW HITPOINT WARNING * * *
The acid corrodes you!
You are splashed with acid!
The acid burns!
You die...

÷........#..#..........#
###'#....#.............# ###
# #.#...###............# #A#
###.#...####...........# ####
##......'..#...........#
####._.
#####...##.#..##'#######
##).#... # #...##.#...#.#
#...+... #
#...##.#.#.#.#########.......
#
#...##.#....@..........###._.
#
######.###...#########'######
#..................###1#
####........####....####
####...<..(.####....# ##
#........5.....#....# #.
#.......######.#....# #.
#......>.......########'
#.......................


You could see a crimson imp.

Vanquished Creatures
  A hornet (D:8)
  A wyvern (D:8)
  2 water moccasins (D:8)
  3 sky beasts
  An orc warrior (D:6)
  2 ogres (D:7)
  A phantom (D:4)
  6 centaurs
  A big kobold (D:8)
  6 bullfrogs
  A scorpion (D:8)
  4 wights (D:7)
  A howler monkey (D:4)
  2 vampire bats (D:5)
  4 jellies
  A crimson imp (D:5)
  A bullfrog zombie (D:6)
  4 orc priests
  2 hounds
  10 orc wizards
  3 iguanas
  10 worker ants
  A hound zombie (D:6)
  A hound skeleton (D:7)
  2 worker ant zombies
  Robin (D:2)
  3 gnolls (D:5)
  10 adders
  4 shadow imps
  An ooze (D:3)
  An adder zombie (D:8)
  An adder skeleton (D:4)
  6 worms
  4 dart slugs
  3 leopard geckos
  31 orcs
  4 bat skeletons (D:5)
  3 bat zombies (D:5)
  5 giant cockroaches
  23 goblins
  7 hobgoblins
  11 jackals
  9 kobolds
  7 quokkas
  6 bats
  7 frilled lizards
  A jackal skeleton (D:3)
  2 jackal zombies (D:5)
  A leopard gecko zombie (D:6)
  A quokka skeleton (D:7)
  4 rats
227 creatures vanquished.

Vanquished Creatures (others)
  An orc wizard (D:5)
  A fungus (D:8)
  A plant (D:8)
3 creatures vanquished.

Grand Total: 230 creatures vanquished

Notes
Turn   | Place    | Note
-------+----------+-------------------------------------------
     0 | D:1      | CozyGlow the Gargoyle Fighter began the quest for the Orb.
     0 | D:1      | Reached XP level 1. HP: 14/14 MP: 1/1
   230 | D:1      | Reached XP level 2. HP: 12/19 MP: 2/2
  1044 | D:2      | Noticed Robin
  1054 | D:2      | Reached XP level 3. HP: 23/23 MP: 3/3
  1059 | D:2      | Killed Robin
  1129 | D:2      | Reached XP level 4. HP: 26/29 MP: 4/4
  1956 | D:3      | Reached XP level 5. HP: 26/33 MP: 5/5
  2184 | D:3      | Found a stormy altar of Qazlal.
  2242 | D:3      | Became a worshipper of Qazlal Stormbringer
  2676 | D:4      | Reached XP level 6. HP: 39/39 MP: 6/6
  2887 | D:4      | Found a staircase to the Ecumenical Temple.
  2902 | D:4      | Noticed a phantom
  2923 | D:4      | Killed a phantom
  3020 | D:4      | Found Kauffiug's Book Boutique.
  3291 | D:5      | Entered Level 5 of the Dungeon
  3316 | D:5      | Reached skill level 5 in Fighting
  3328 | D:5      | Reached skill level 5 in Armour
  3328 | D:5      | Reached skill level 5 in Shields
  3373 | D:5      | Reached XP level 7. HP: 21/44 MP: 7/7
  3807 | D:5      | Reached * piety under Qazlal
  3972 | D:5      | Reached XP level 8. HP: 38/51 MP: 8/8
  3997 | D:5      | HP: 2/51 [orc priest/divine providence (13)]
  4224 | D:5      | Reached skill level 5 in Maces & Flails
  4289 | D:5      | Upgraded the game from 0.23-a0-242-g2b5ca64 to
                  | 0.23-a0-261-g133332c
  4405 | D:5      | Found an ornate altar of the Wu Jian Council.
  4465 | D:5      | Found an ancient bone altar of Kikubaaqudgha.
  4896 | D:6      | Found a shadowy altar of Dithmenos.
  5415 | D:6      | Reached ** piety under Qazlal
  5738 | D:6      | Reached XP level 9. HP: 56/56 MP: 9/9
  5739 | D:6      | Found a white marble altar of Elyvilon.
  5752 | D:6      | Found an opulent altar of Gozag.
  5753 | D:6      | Found a deep blue altar of Sif Muna.
  5754 | D:6      | Found a sacrificial altar of Ru.
  5772 | D:6      | Found a sparkling altar of Nemelex Xobeh.
  6736 | D:7      | Reached *** piety under Qazlal
  7389 | D:8      | Noticed an elephant
  7424 | D:8      | Reached XP level 10. HP: 64/64 MP: 10/10
  7729 | D:8      | Got a faintly humming buckler
  7730 | D:8      | Identified the +1 buckler of Duceoron {*Contam rElec Int+2
                  | Dex+2} (You found it on level 8 of the Dungeon)
  7841 | D:8      | Found a burning altar of Makhleb.
  7844 | D:8      | Noticed an Executioner
  7850 | D:8      | Found a glowing silver altar of Zin.
  7850 | D:8      | Noticed an angel
  7964 | D:8      | HP: 2/65 [acid (16)]
  7965 | D:8      | Splashed by a crimson imp's acid

Vault maps used:
D:1:      dpeg_arrival_orchard
D:2:      cheibrodos_helix_gallery, minivault_11, uniq_robin
D:3:      old_standard_altar
D:4:      minmay_temple_entry_junction_2, serial_shops, nicolae_shop_stone,
          first_ration
D:5:      kennysheep_vampire_church, overflow_temple_1_default
D:6:      nicolae_dithmenos_through_a_glass_darkly, minitemple, minivault_23,
          minmay_misc_feat_five
D:7:      grunt_ministairs_12, lightli_corner_chamber
D:8:      grunt_temple_overflow_order_and_chaos_2, david_lair_generic

Skill      XL: |  1  2  3  4  5  6  7  8  9 |
---------------+----------------------------+-----
Fighting       | 4 5 6 8 |  8.5
Armour         | 4 5 6 8 |  8.5
Shields        | 4 5 6 8 |  8.5
Maces & Flails | 3 4 5 7 |  7.4

Action                   |  1- 3 |  4- 6 |  7- 9 | 10-12 || total
-------------------------+-------+-------+-------+-------++-------
Melee: Flail             |   132 |   291 |   635 |    74 ||  1132
  Use: Potion            |     1 |     3 |    10 |     1 ||    15
       Scroll            |       |       |     6 |     1 ||     7
  Eat: Chunk             |     1 |     8 |     6 |       ||    15
       Ration            |       |       |     3 |       ||     3
Armor: Scale mail        |    85 |   159 |   382 |    22 ||   648
       Skin              |       |    37 |       |       ||    37
Dodge: Dodged            |    38 |   113 |   209 |    15 ||   375
Block: Shield            |    72 |   168 |   480 |    52 ||   772

Table legend:
 A = Non-vault XP
 B = Vault XP
 C = Vault XP percentage of total XP
 D = Non-vault monster count
 E = Vault monster count
 F = Vault count percentage of total count
                 A         B        C        D         E       F
            +---------+---------+-------+---------+---------+-------
      Total |    5118 |     302 |   5.6 |     202 |      26 |  11.4
            +---------+---------+-------+---------+---------+-------
        D:1 |      31 |       0 |   0.0 |      19 |       0 |   0.0
        D:2 |      72 |      42 |  36.8 |      27 |      14 |  34.1
        D:3 |      78 |       0 |   0.0 |      29 |       0 |   0.0
        D:4 |     299 |       0 |   0.0 |      12 |       0 |   0.0
        D:5 |     940 |     129 |  12.1 |      38 |       9 |  19.1
        D:6 |    1042 |       0 |   0.0 |      24 |       0 |   0.0
        D:7 |    1412 |     131 |   8.5 |      34 |       3 |   8.1
        D:8 |    1244 |       0 |   0.0 |      19 |       0 |   0.0
            +---------+---------+-------+---------+---------+-------
